 Dungeon Crawl Stone Soup version 0.28.0-53-g5a82cb258f (webtiles) character file.

Game seed: 16892705332818746279

655092 DildoBatman the Petrodigitator (level 27, 0/177 HPs)
             Began as a Formicid Conjurer on June 2, 2022.
             Was an Initiate of Gozag.
             Killed from afar by an orb of fire (12 damage)
             ... with a bolt of fire
             ... on level 18 of a ziggurat on June 7, 2022.
             The game lasted 04:38:11 (61203 turns).

DildoBatman the Petrodigitator (Formicid Conjurer) Turns: 61203, Time: 04:38:11

Health: 0/177      AC: 34    Str: 14      XL:     27
Magic:  28/48      EV: 15    Int: 36 (37) God:    Gozag
Gold:   19875      SH: 24    Dex: 19      Spells: 10/56 levels left

rFire   + + .      SeeInvis +   a - +6 Majin-Bo {vamp, MP+6 Int+6}
rCold   + + .      Faith    .   O - +0 tower shield
rNeg    + + +      Spirit   .   o - +4 troll leather armour
rPois   ∞          Reflect  .   (helmet unavailable)
rElec   +          Harm     .   W - +2 cloak {rPois}
rCorr   .          Rampage  .   N - +2 pair of gloves
Will    +++..                   D - +2 pair of boots {Fly}
Stlth   +++++.....              m - amulet of Jealousy {RegenMP rElec Stlth+}
HPRegen 1.19/turn               Z - ring of the Omega Point {rPois AC+4 Int+7}
MPRegen 0.71/turn               P - ring "Fihasem" {rPois rF++ rC+ Slay+3 SInv}

@: lich-form, gold aura, flying, studying 2 skills
A: draining attack, torment immunity, no potions, permanent stasis, dig shafts
and tunnels, antennae 3, four strong arms, iridescent scales 1, large bone
plates 1, clever 2, frail 1, MP-powered wands
}: 4/15 runes: decaying, serpentine, silver, golden
a: Dig, Shaft Self, End Transformation, Renounce Religion, Potion Petition, Call
Merchant, Bribe Branch


You were on level 18 of a ziggurat.
You worshipped Gozag.
Gozag was extremely pleased with you.
You were an undead lich.
You visited 10 branches of the dungeon, and saw 46 of its levels.
You visited 1 bazaar.
You visited 1 ziggurat, and saw 18 of its levels.

You collected 29214 gold pieces.
You spent 8027 gold pieces at shops.
You paid 1312 gold pieces to Gozag.

Inventory:

Hand Weapons
 a - the +6 Majin-Bo (weapon) {vamp, MP+6 Int+6}
   (You found it on level 13 of a ziggurat)

   It occasionally heals its wielder for a portion of the damage dealt when they
   wound a living foe with it or with a spell.
   Its wielder's spells cost health as well as magical power.
   Int:       It affects your intelligence (+6).
   MP:        It affects your magic capacity (+6).
 b - the +5 falchion of Delicate Action {venom, rN+ Int+4 Dex+6}
   (You found it on level 12 of the Dungeon)

   It poisons the flesh of those it strikes.
   Int:       It affects your intelligence (+4).
   Dex:       It affects your dexterity (+6).
   rN:        It protects you from negative energy.
 d - the +7 lajatang of Order {silver, rMut}
   (You found it on level 5 of the Lair of Beasts)

   It inflicts extra damage upon those it strikes, and deals substantially
   increased damage to chaotic, mutated and magically transformed beings.
   rMut:      It protects you from mutation.
 e - the +1 halberd of Winter {vorpal, +Blink rF+}
   (You found it on level 3 of the Tomb of the Ancients)

   It inflicts extra damage upon your enemies.
   rF:        It protects you from fire.
   +Blink:    It lets you blink.
 J - the +11 hunting sling of the Thieving Wasp {vorpal, rC+ SInv}
   (You found it on level 4 of the Dungeon)

   Any ammunition fired from it inflicts extra damage upon your enemies.
   rC:        It protects you from cold.
   SInv:      It lets you see invisible.
Missiles
 f - 16 silver javelins (quivered)
 k - 371 sling bullets
 n - 1548 bolts
 v - 1737 arrows
 U - 6 throwing nets
Armour
 o - a +4 troll leather armour (worn)
 C - the +7 Kryia's mail coat {PotionHeal*2 rC+}
   (You found it on level 6 of a ziggurat)

   Potions are twice as effective at healing its wearer.
   rC:        It protects you from cold.
 D - a +2 pair of boots of flying (worn)
 N - a +2 pair of gloves (worn)
 O - a +0 tower shield (worn)
 W - a +2 cloak of poison resistance (worn)
 Y - a +0 cloak of willpower
Jewellery
 c - a +4 ring of slaying
 m - the amulet of Jealousy (around neck) {RegenMP rElec Stlth+}
   (You bought it in a shop on level 1 of the Elven Halls)

   [amulet of magic regeneration]

   It increases your rate of magic regeneration.
   rElec:     It insulates you from electricity.
   Stlth:     It makes you more stealthy.
 B - the ring of Aturad {rElec EV+4 Str+8 Int-2 Dex+3}
   (You took it off a deep elf demonologist on level 3 of the Elven Halls)

   [ring of evasion]

   EV:        It affects your evasion (+4).
   Str:       It affects your strength (+8).
   Int:       It affects your intelligence (-2).
   Dex:       It affects your dexterity (+3).
   rElec:     It insulates you from electricity.
 I - the ring of the Tortoise {AC+8}
   (You found it on level 8 of the Dungeon)

   [ring of protection]

   AC:        It affects your AC (+8).
 P - the ring "Fihasem" (right hand) {rPois rF++ rC+ Slay+3 SInv}
   (You found it on level 8 of a ziggurat)

   [ring of poison resistance]

   Slay:      It affects your accuracy & damage with ranged weapons and melee
   (+3).
   rF:        It greatly protects you from fire.
   rC:        It protects you from cold.
   rPois:     It protects you from poison.
   SInv:      It lets you see invisible.
 Q - the ring of Gemuucwufyf {rF+ rN+ Will++ rCorr Dex+3}
   (You found it on level 12 of a ziggurat)

   [ring of protection from fire]

   Dex:       It affects your dexterity (+3).
   rF:        It protects you from fire.
   rN:        It protects you from negative energy.
   rCorr:     It protects you from acid and corrosion.
   Will:      It greatly increases your willpower.
 T - the ring "Onaefreff" {rElec AC+4 Str+4 Int+4}
   (You found it on level 10 of a ziggurat)

   [ring of protection]

   AC:        It affects your AC (+4).
   Str:       It affects your strength (+4).
   Int:       It affects your intelligence (+4).
   rElec:     It insulates you from electricity.
 X - a +4 ring of slaying
 Z - the ring of the Omega Point (left hand) {rPois AC+4 Int+7}
   (You bought it in a shop on level 3 of the Snake Pit)

   [ring of protection]

   AC:        It affects your AC (+4).
   Int:       It affects your intelligence (+7).
   rPois:     It protects you from poison.
Wands
 G - a wand of acid (17)
 S - a wand of iceblast (10)
Scrolls
 h - 10 scrolls of holy word
 l - 9 scrolls of fear
 w - 9 scrolls of amnesia
 y - 8 scrolls of enchant armour
 z - 40 scrolls of identify
 A - 8 scrolls of summoning
 F - 7 scrolls of immolation
 K - 14 scrolls of fog
 V - 2 scrolls of torment
Potions
 j - 26 potions of curing
 p - 4 potions of mutation
 q - 6 potions of resistance
 r - 7 potions of heal wounds
 t - 6 potions of ambrosia
 x - 6 potions of magic
 E - 3 potions of invisibility
 H - 19 potions of might
 L - 10 potions of brilliance
 M - 3 potions of cancellation
Miscellaneous
 g - a box of beasts
 i - a lightning rod (4/4)
 s - a phantom mirror
 u - a condenser vane


   Skills:
 - Level 12.0 Fighting
 - Level 2.0(3.4) Slings
 - Level 4.0(4.2) Throwing
 - Level 18.0 Armour
 - Level 8.4 Dodging
 - Level 7.0 Stealth
 - Level 16.0 Shields
 - Level 15.0 Spellcasting
 - Level 6.0 Conjurations
 - Level 22.0 Necromancy
 - Level 22.0 Transmutations
 * Level 20.0 Ice Magic
 - Level 6.0 Air Magic
 O Level 27 Earth Magic
 - Level 6.0 Poison Magic
 - Level 5.0 Evocations


You had 10 spell levels left.
You knew the following spells:

 Your Spells              Type           Power      Damage    Failure   Level
a - Borgnjor's Vile Clut  Necr/Erth      70%        N/A       0%          5
b - Shatter               Erth           61%        3d45*     6%          9
c - Dispel Undead         Necr           100%       3d31      0%          4
d - Necromutation         Tmut/Necr      67%        N/A       3%          8
e - Iron Shot             Conj/Erth      49%        9d9       1%          6
f - Polar Vortex          Ice            53%        N/A       71%         9
g - Ozocubu's Armour      Ice            100%       N/A       0%          3
z - Sublimation of Blood  Necr           100%       N/A       0%          2

Your spell library contained the following spells:

 Spells                   Type           Power      Damage    Failure   Level
 Animate Skeleton         Necr           100%       N/A       0%          1
 Sandblast                Erth           100%       2d20      0%          1
 Sting                    Tmut/Pois      100%       1d8       0%          1
 Passwall                 Tmut/Erth      97%        N/A       0%          2
 Frozen Ramparts          Ice            100%       1d12      0%          3
 Stone Arrow              Conj/Erth      100%       3d13      0%          3
 Vampiric Draining        Necr           100%       2d13      0%          3
 Animate Dead             Necr           67%        N/A       0%          4
 Ice Form                 Ice/Tmut       100%       N/A       0%          4
 Petrify                  Tmut/Erth      100%       N/A       0%          4
 Agony                    Necr           100%       N/A       0%          5
 Blade Hands              Tmut           55%        N/A       0%          5
 Excruciating Wounds      Necr           67%        N/A       0%          5
 Lee's Rapid Deconstruct  Erth           61%        3d29*     0%          5
 Foxfire                  Conj/Fire      100%       2x1d9     1%          1
 Magic Dart               Conj           100%       1d8       1%          1
 Shock                    Conj/Air       100%       1d9       1%          1
 Corpse Rot               Necr/Air       100%       N/A       1%          2
 Ensorcelled Hibernation  Hex/Ice        100%       N/A       1%          2
 Poisonous Vapours        Pois/Air       100%       N/A       1%          2
 Searing Ray              Conj           100%       2d8       1%          2
 Static Discharge         Conj/Air       63%        N/A       1%          2
 Ignite Poison            Fire/Tmut/Pois 76%        N/A       1%          3
 Mephitic Cloud           Conj/Pois/Air  63%        N/A       1%          3
 Spider Form              Tmut/Pois      91%        N/A       1%          3
 Anguish                  Hex/Necr       51%        N/A       1%          4
 Animate Armour           Summ/Erth      100%       N/A       1%          4
 Hailstorm                Conj/Ice       88%        3d18      1%          4
 Leda's Liquefaction      Hex/Erth       45%        N/A       1%          4
 Summon Ice Beast         Ice/Summ       78%        N/A       1%          4
 Freezing Cloud           Conj/Ice/Air   40%        6-21      1%          5
 Irradiate                Conj/Tmut      45%        3d28      1%          5
 Metabolic Englaciation   Hex/Ice        39%        N/A       1%          5
 Yara's Violent Unravell  Hex/Tmut       41%        3d16      1%          5
 Simulacrum               Ice/Necr       66%        N/A       1%          6
 Statue Form              Tmut/Erth      78%        N/A       1%          6
 Dragon Form              Tmut           55%        N/A       1%          7
 Ozocubu's Refrigeration  Ice            53%        4d15      1%          7
 Apportation              Tloc           54%        N/A       3%          1
 Slow                     Hex            100%       N/A       3%          1
 Summon Small Mammal      Summ           100%       N/A       3%          1
 Conjure Flame            Conj/Fire      48%        6-21      3%          3
 Dazzling Flash           Conj/Hex       96%        N/A       3%          3
 Airstrike                Air            31%        N/A       3%          4
 Olgreb's Toxic Radiance  Pois           63%        N/A       3%          4
 Borgnjor's Revivificati  Necr           67%        N/A       3%          8
 Infestation              Necr           67%        N/A       3%          8
 Call Imp                 Summ           27%        N/A       6%          2
 Scorch                   Fire           54%        2d7       6%          2
 Iskenderun's Battlesphe  Conj           63%        2d11      9%          5
 Lightning Bolt           Conj/Air       31%        1d48      9%          5
 Flame Wave               Conj/Fire      48%        2d10      11%         4
 Fulminant Prism          Conj/Hex       24%        3d13      11%         4
 Iskenderun's Mystic Bla  Conj/Tloc      48%        2d11      11%         4
 Sticky Flame             Conj/Fire      48%        2d7       11%         4
 Summon Lightning Spire   Summ/Air       48%        N/A       11%         4
 Storm Form               Tmut/Air       45%        N/A       11%         7
 Call Canine Familiar     Summ           27%        N/A       12%         3
 Confusing Touch          Hex            27%        N/A       12%         3
 Lesser Beckoning         Tloc           27%        N/A       12%         3
 Portal Projectile        Hex/Tloc       54%        N/A       12%         3
 Summon Guardian Golem    Hex/Summ       27%        N/A       12%         3
 Teleport Other           Tloc           27%        N/A       12%         3
 Tukima's Dance           Hex            27%        N/A       12%         3
 Fireball                 Conj/Fire      24%        3d11      30%         5
 Haunt                    Necr/Summ      51%        N/A       34%         7
 Passage of Golubria      Tloc           27%        N/A       36%         4
 Death's Door             Necr           67%        N/A       43%         9
 Conjure Ball Lightning   Conj/Air       31%        3x3d10    45%         6
 Manifold Assault         Tloc           27%        N/A       71%         5
 Summon Forest            Summ/Tloc      13%        N/A       71%         5
 Summon Mana Viper        Hex/Summ       27%        N/A       71%         5
 Orb of Destruction       Conj           31%        9d10      95%         7
 Dispersal                Tloc           13%        N/A       99%         6
 Summon Cactus Giant      Summ           13%        N/A       99%         6
 Enfeeble                 Hex            13%        N/A       100%        7
 Malign Gateway           Summ/Tloc      13%        N/A       100%        7
 Monstrous Menagerie      Summ           13%        N/A       100%        7
 Spellforged Servitor     Conj/Summ      24%        N/A       100%        7
 Discord                  Hex            13%        N/A       100%        8
 Disjunction              Tloc           13%        N/A       100%        8
 Ignition                 Fire           13%        3d6       100%        8
 Maxwell's Capacitive Co  Air            31%        ∞         100%        8
 Summon Horrible Things   Summ           13%        N/A       100%        8
 Chain Lightning          Conj/Air       31%        3d42      100%        9
 Dragon's Call            Summ           13%        N/A       100%        9
 Fire Storm               Conj/Fire      24%        8d6       100%        9
 Swiftness                Air            Unusable   N/A       N/A         3
 Blink                    Tloc           Unusable   N/A       N/A         2

Dungeon Overview and Level Annotations

Branches:
Dungeon (15/15)            Temple (1/1) D:4            Lair (6/6) D:9
  Swamp (4/4) Lair:2        Snake (4/4) Lair:3        Slime (0/5) Lair:5
    Orc (2/2) D:12            Elf (3/3) Orc:2        Vaults (5/5) D:13
  Crypt (3/3) Vaults:2       Tomb (3/3) Crypt:3      Depths (0/4) D:15

Altars:
Ashenzari
Cheibriados
Dithmenos
Elyvilon
Fedhas
Gozag
Hepliaklqana
Kikubaaqudgha
Makhleb
Nemelex Xobeh
Okawaru
Qazlal
Ru
Sif Muna
Trog
Uskayaw
Vehumet
Wu Jian
Xom
Yredelemnul
Zin
The Shining One
Beogh
Lugonu

Shops:
D:2 =   D:6 **   Orc:1 (   Orc:2 :*[(   Elf:1 =:=[   Elf:2 !(**   Elf:3 :
Snake:3 *!=*   Snake:4 (   Vaults:1 *   Vaults:3 =   Vaults:4 (

Portals:
Abyss: Orc:1 Lair:6


Innate Abilities, Weirdness & Mutations

You are an undead lich.
Your unarmed attacks are suffused with negative energy.
You are immune to unholy pain and torment.
Your necromantic spells are more powerful.
You cannot drink.
You are immune to poison.
You cannot be hasted, slowed, berserked, paralysed or teleported.
You can dig through walls and to a lower floor.
You have a pair of large antennae on your head. (SInv)
Your four strong arms can wield two-handed weapons with a shield.
You are partially covered in iridescent scales. (AC +2)
You are partially covered in large bone plates. (SH +4)
Your mind is very acute. (Int +4)
You are frail. (-10% HP)
You expend magic power (3 MP) to strengthen your wands.


Message History

The fireball explodes!
The fireball engulfs you!! You resist.
The balrug shouts!
Casting: Borgnjor's Vile Clutch (safe; 0% risk of failure)
Confirm with . or Enter, or press ? or * to list all spells.
The dungeon rumbles!
The efreet is no longer distracted by gold.
The efreet is almost dead.
The balrug is no longer distracted by gold.
The balrug is almost dead.
The orb of fire is no longer distracted by gold.
The orb of fire is lightly damaged. x2
The balrug is no longer distracted by gold.
The balrug is almost dead.
The balrug is no longer distracted by gold.
The balrug is almost dead.
The zombie hands constrict the balrug!
You kill the balrug!
The balrug gestures at you.
The bolt of fire hits the efreet.
The efreet completely resists.
The bolt of fire hits you! You resist.
The orb of fire glows bright magenta.
The bolt of fire hits you! You resist. The balrug gestures at you.
The fireball explodes!
The fireball engulfs you. You resist.
The balrug is distracted by your dazzling golden aura.
The efreet is distracted by your dazzling golden aura.
The orb of fire is distracted by your dazzling golden aura.
The balrug is distracted by your dazzling golden aura.
The orb of fire glows red.
The bolt of fire hits you! You resist.
You die...
Your body crumbles into a pile of gold.

$2.$.○...............▓
$..☼☼................▓
2○○$.2.*○........$...▓▓
○...$$○☼.........$.∩..▓
$$D☼$☼$.☼.....*.*.2..▓▓
☼2☼.☼....R...2..○....▓
$○..D............R...▓
...$..........2......▓
...............#L...▓▓
...................▓▓
.$...........$.....▓
..................▓▓
...............#▓▓▓
...... ...▓▓▓ ▓▓▓


You could see 2 orbs of fire, 3 balrugs and 2 efreet.

Vanquished Creatures
  2 dread liches
  Khufu (Tomb:1)
  Mennas (Vaults:4)
  Mara (Swamp:4)
  An ancient lich (Crypt:3)
  5 juggernauts (Zig:13)
  30 royal mummies
  Bai Suzhen (Swamp:4)
  Vashnia (Snake:4)
  Saint Roka (Snake:2)
  2 golden dragons
  Nikola (Swamp:4)
  A pandemonium lord (Zig:7)
  An electric golem (Zig:5)
  2 tentacled monstrosities
  A Hell Sentinel (Zig:7)
  6 Ice Fiends (Zig:9)
  8 titans
  9 liches
  3 deep elf blademasters
  Mlioglotl (Snake:2)
  4 quicksilver dragons
  4 deep elf master archers (Elf:3)
  12 sphinxes
  Gastronok (Lair:3)
  7 ancient champions
  An Executioner (Tomb:1)
  6 storm dragons
  Agnes (Elf:2)
  Roxanne (D:15)
  Donald (Crypt:2)
  2 revenants
  2 thorn hunters
  5 shadow dragons
  10 tengu reavers
  22 nagarajas
  A nargun (Zig:9)
  6 draconian monks
  10 fire giants
  5 draconian knights
  5 emperor scorpions (Zig:14)
  9 orc warlords
  6 draconian scorchers
  3 deep elf sorcerers
  3 iron dragons (Vaults:5)
  3 frost giants
  16 vault wardens
  6 balrugs (Zig:18)
  3 ghost moths (Zig:10)
  6 draconian shifters
  Aizul (Snake:1)
  A caustic shrike zombie (Tomb:2)
  A curse skull (Crypt:3)
  The ghost of CInkIbrahim the Impaler, a journeyman GrAK of Lugonu (Orc:1)
  7 very ugly things
  10 draconian stormcallers
  The ghost of NoAnimeNoLife the Unseen, an adept SpEn of Jiyva (Vaults:1)
  18 ironbound preservers
  A broodmother (Zig:10)
  3 stone giants
  A demonspawn blood saint (Zig:7)
  7 war gargoyles
  A deep elf elementalist (Elf:3)
  A reaper (Crypt:2)
  11 draconian annihilators
  8 ghouls (Crypt:1)
  2 vampire knights
  8 bennus
  7 deep elf demonologists
  5 ironbound thunderhulks
  3 eleionomae
  2 demonspawn black suns
  5 green draconians
  Nessos (D:15)
  2 wendigos (Zig:9)
  An eleionoma (shapeshifter) (Vaults:5)
  8 deep elf annihilators
  9 white draconians
  15 dire elephants
  3 entropy weavers
  4 bunyips
  17 deep elf death magi
  4 purple draconians
  An eidolon (Crypt:3)
  5 ettins
  21 mummy priests
  A crystal guardian (Vaults:3)
  4 red draconians
  Snorg (Lair:6)
  A quicksilver dragon zombie (Crypt:1)
  5 merfolk javelineers
  A blizzard demon (Zig:7)
  10 yaktaur captains
  8 fire dragons
  A shambling mangrove (Swamp:1)
  8 deep elf high priests
  4 spriggan zombies
  Fannar (D:12)
  2 great orbs of eyes
  5 jiangshi
  33 vault guards
  9 ironbound frosthearts
  6 salamander tyrants
  4 boulder beetles
  A rakshasa (Zig:7)
  3 ogre magi
  21 hydras
  A jorogumo (shapeshifter) (Vaults:4)
  A spriggan air mage (Zig:5)
  An alligator snapping turtle (Zig:14)
  A radroach (Zig:10)
  6 merfolk aquamancers
  10 anacondas
  A peacekeeper (Vaults:3)
  A ghost crab (Swamp:3)
  8 centaur warriors
  A merfolk avatar (Zig:12)
  A catoblepas (Lair:6)
  A jorogumo (Zig:10)
  An anaconda (shapeshifter) (Vaults:5)
  21 naga warriors
  72 death scarabs
  7 two-headed ogres
  12 alligators
  A hell hog (Orc:1)
  6 death knights
  15 death yaks
  8 shock serpents
  3 thrashing horrors (Lair:6)
  A soul eater (Crypt:1)
  2 vampire magi
  3 spriggans
  20 naga sharpshooters
  10 hell knights (Crypt:3)
  9 orc high priests
  2 pharaoh ants (Zig:10)
  16 deep elf knights
  A fire crab (shapeshifter) (D:15)
  9 fire crabs
  2 iron trolls (Zig:13)
  30 skeletal warriors
  A goliath frog (Swamp:2)
  A glowing orange brain (Vaults:3)
  6 salamander mystics
  3 shadow wraiths
  53 deep trolls
  A bunyip zombie (Crypt:1)
  A shadow demon (Zig:7)
  2 spriggan druids
  16 deep elf archers
  8 naga ritualists
  An orb spider (shapeshifter) (Vaults:5)
  6 swamp dragons
  A deep troll (shapeshifter) (Lair:6)
  A steelbarb worm (Zig:14)
  12 flayed ghosts
  2 obsidian statues
  35 deep elf pyromancers
  7 sea snakes
  A spriggan simulacrum (Crypt:1)
  2 bunyip skeletons (Crypt:2)
  18 wizards
  19 ironbound convokers
  12 lindwurms
  4 bog bodies
  13 mana vipers
  9 necromancers
  61 ugly things
  11 orc knights
  2 sphinx zombies
  An anaconda skeleton (Crypt:3)
  A fire giant zombie (Crypt:2)
  19 phantasmal warriors
  20 deep elf zephyrmancers
  A harpy (shapeshifter) (Elf:1)
  6 orc sorcerers
  A wolf spider (shapeshifter) (Vaults:2)
  13 harpies
  2 wolf spider zombies
  5 manticores
  3 will-o-the-wisps
  13 elephants
  21 salamanders
  5 cyclopes
  4 wolf spiders
  2 tengu skeletons
  2 moths of wrath
  A human skeleton (Vaults:2)
  A stone giant skeleton (Tomb:2)
  A fire giant skeleton (Vaults:2)
  A frost giant skeleton (Vaults:3)
  23 naga magi
  A dire elephant zombie (Crypt:1)
  5 gargoyles
  A black mamba (shapeshifter) (Vaults:5)
  55 black mambas
  15 guardian serpents
  A storm dragon simulacrum (Vaults:4)
  14 vault sentinels
  3 water nymphs (Zig:12)
  A torpor snail (Zig:10)
  16 cane toads
  4 smoke demons
  A rime drake (Lair:5)
  Maggie (D:10)
  2 elf skeletons
  An unseen horror (shapeshifter) (D:15)
  2 naga skeletons (Crypt:1)
  6 komodo dragons
  An orb spider zombie (Crypt:2)
  A demonic crawler (Zig:10)
  37 yaktaurs
  A grey draconian skeleton (Crypt:2)
  2 death yak zombies
  7 freezing wraiths
  An ice devil (Orc:1)
  4 efreet (Zig:18)
  A burning bush (Lair:2)
  A tormentor (Zig:9)
  3 ancient zymes
  A kobold demonologist (D:13)
  A red draconian skeleton (Crypt:2)
  2 catoblepas skeletons (Lair:1)
  56 guardian mummies
  4 hydra zombies
  4 red devils (Crypt:3)
  A yellow draconian skeleton (Crypt:2)
  A meliai (shapeshifter) (Lair:6)
  A harpy zombie (Crypt:1)
  2 death yak skeletons
  3 bloated husks
  14 merfolk
  6 meliai (Zig:10)
  2 hydra skeletons (Lair:4)
  2 polar bears (Lair:6)
  A tarantella (Zig:10)
  A moth of wrath zombie (Crypt:2)
  18 slime creatures
  A polar bear (shapeshifter) (Vaults:5)
  2 tyrant leeches
  2 tengu simulacra (Vaults:2)
  8 trolls
  2 harpy skeletons (Crypt:3)
  A tyrant leech (shapeshifter) (Elf:1)
  A wind drake (Zig:12)
  Prince Ribbit (Lair:1)
  An ettin zombie (Crypt:1)
  5 dream sheep (Lair:6)
  5 hornets
  A raiju (Zig:5)
  37 blink frogs
  2 snapping turtles (Zig:12)
  2 jumping spiders (shapeshifter)
  3 black mamba zombies
  3 meliai zombies
  A centaur simulacrum (D:12)
  8 flying skulls
  3 air elementals
  8 shadows
  19 wraiths
  An alligator skeleton (Crypt:1)
  2 large abominations
  8 water elementals
  6 ynoxinuls
  2 black mamba skeletons
  An elf zombie (Vaults:2)
  3 ettin skeletons
  A wyvern (shapeshifter) (D:13)
  18 basilisks
  11 wyverns
  8 ushabtiu
  2 vampires
  2 fire bats (Swamp:4)
  32 yaks
  8 fire elementals
  2 chaos spawn
  3 steam dragons
  6 redbacks
  13 vampire mosquitoes
  2 wargs
  An ogre zombie (Vaults:4)
  2 naga zombies
  55 nagas
  11 swamp worms
  A deep troll zombie (Crypt:2)
  2 acid dragons
  A hell hound (Zig:18)
  An ogre skeleton (Vaults:2)
  14 water moccasins
  3 cane toad zombies
  11 swamp drakes
  3 cane toad skeletons
  A hornet zombie (D:14)
  A lindwurm zombie (Crypt:2)
  13 ogres
  3 ice beasts
  A sky beast (D:6)
  2 dream sheep zombies (Lair:3)
  2 black bears
  42 orc warriors
  A black mamba simulacrum (Tomb:2)
  2 necrophages (Crypt:1)
  4 wolves (Lair:1)
  13 centaurs
  A blink frog skeleton (Lair:1)
  2 kobold brigands
  A palentonga zombie (Crypt:2)
  5 komodo dragon skeletons
  3 komodo dragon zombies (Lair:3)
  8 bullfrogs
  An ogre simulacrum (Vaults:2)
  2 earth elementals
  A scorpion (D:7)
  13 small abominations (Lair:6)
  2 wyvern zombies
  2 water moccasin zombies
  A gnoll sergeant (D:11)
  A wyvern skeleton (D:7)
  2 water moccasin skeletons
  A polar bear zombie (Lair:3)
  3 yak zombies
  4 wights
  2 yak skeletons
  8 electric eels
  3 howler monkeys
  A hound (D:5)
  2 bullfrog zombies (Lair:5)
  7 human zombies
  12 jellies
  7 centaur zombies
  3 centaur skeletons
  A gnoll shaman (D:8)
  22 orc priests
  A black bear skeleton (Lair:1)
  2 bullfrog skeletons (Lair:6)
  2 basilisk skeletons
  Jessica (D:3)
  2 iguanas (D:4)
  40 orc wizards
  Terence (D:3)
  4 lightning spires (Zig:18)
  3 howler monkey zombies
  57 mummies
  16 gnolls
  15 adders
  A howler monkey skeleton (D:6)
  A swamp drake skeleton (Crypt:1)
  2 shadow imps (D:5)
  A white imp (Vaults:2)
  3 ufetubi
  An adder skeleton (D:3)
  2 worms (D:2)
  4 dart slugs
  100 orcs
  9 ball pythons
  A bat zombie (Crypt:1)
  20 endoplasms
  3 giant cockroaches
  7 goblins
  8 hobgoblins
  2 quokkas
  3 bats
  2 frilled lizards
  9 kobolds
  A quokka skeleton (Crypt:1)
  5 rats
  A butterfly (Lair:3)
2500 creatures vanquished.

Vanquished Creatures (others)
  A ghost moth (Zig:14)
  26 dancing weapons
  A yaktaur (Vaults:3)
  A bloated husk (Swamp:1)
  A steam dragon (Swamp:4)
  3 swamp drakes (Swamp:4)
  A human (D:3)
  An orc priest (Orc:1)
  An orc wizard (Orc:2)
  An orc (Orc:2)
  14 foxfires
  28 fungi
  28 plants
  A withered plant (Crypt:3)
108 creatures vanquished.

Grand Total: 2608 creatures vanquished

Notes
Turn   | Place    | Note
-------+----------+-------------------------------------------
     0 | D:1      | DildoBatman the Formicid Conjurer began the quest for the
                  | Orb.
     0 | D:1      | Reached XP level 1. HP: 13/13 MP: 3/3
   326 | D:1      | Reached XP level 2. HP: 19/19 MP: 3/5
   329 | D:1      | Learned a level 2 spell: Searing Ray
  1004 | D:2      | Reached XP level 3. HP: 16/24 MP: 1/6
  1096 | D:2      | Found a faded altar of an unknown god.
  1357 | D:2      | Reached XP level 4. HP: 30/30 MP: 3/7
  1537 | D:2      | Reached skill level 5 in Conjurations
  1789 | D:2      | Reached XP level 5. HP: 30/35 MP: 4/8
  1886 | D:2      | Found June's Jewellery Emporium.
  1964 | D:3      | Noticed Terence
  2091 | D:3      | Noticed Jessica
  2162 | D:3      | Found a blossoming altar of Fedhas.
  2278 | D:3      | Found a glowing silver altar of Zin.
  2278 | D:3      | Found an opulent altar of Gozag.
  2668 | D:3      | You fall into a shaft and drop 2 floors!
  2668 | D:5      | Entered Level 5 of the Dungeon
  2679 | D:5      | Noticed a centaur
  2691 | D:5      | Killed a centaur
  2692 | D:5      | Reached skill level 1 in Fighting
  2692 | D:5      | Reached skill level 1 in Armour
  2692 | D:5      | Reached XP level 6. HP: 21/43 MP: 1/10
  3186 | D:5      | Found a stormy altar of Qazlal.
  3348 | D:5      | Reached XP level 7. HP: 50/50 MP: 9/12
  3930 | D:4      | Found a staircase to the Ecumenical Temple.
  3940 | Temple   | Entered the Ecumenical Temple
  4237 | D:4      | Identified the +11 hunting sling of the Thieving Wasp
                  | {vorpal, rC+ SInv}
  4327 | D:4      | Found a shimmering blue altar of Sif Muna.
  4429 | D:4      | Reached skill level 1 in Slings
  4610 | D:4      | Reached skill level 5 in Spellcasting
  4687 | D:4      | Reached skill level 1 in Shields
  4786 | D:4      | Reached XP level 8. HP: 56/56 MP: 10/16
  4899 | D:3      | Found an ancient bone altar of Kikubaaqudgha.
  4902 | D:3      | Noticed a human
  4904 | D:3      | Killed a human
  4907 | D:3      | Became a worshipper of Kikubaaqudgha
  5053 | D:3      | Found a broken altar of Ashenzari.
  5293 | D:3      | Killed Terence
  5441 | D:3      | Killed Jessica
  6066 | D:1      | You fall into a shaft and drop 1 floor!
  6069 | D:2      | You fall into a shaft and drop 1 floor!
  6138 | D:6      | Found Morewyra's General Store.
  6304 | D:6      | Reached skill level 5 in Shields
  6363 | D:6      | Reached XP level 9. HP: 58/61 MP: 9/19
  6426 | D:6      | Reached * piety under Kikubaaqudgha
  6426 | D:6      | Received a gift from Kikubaaqudgha
  6432 | D:6      | Learned a level 2 spell: Sublimation of Blood
  6436 | D:6      | Learned a level 3 spell: Vampiric Draining
  6818 | D:6      | Found Olaig's General Store.
  6827 | D:6      | Bought a scroll of identify for 22 gold pieces
  7084 | D:7      | Reached skill level 1 in Necromancy
  7464 | D:7      | Reached XP level 10. HP: 52/71 MP: 9/20
  7952 | D:8      | Reached ** piety under Kikubaaqudgha
  8023 | D:8      | Found the ring of the Tortoise {AC+8}
  8135 | D:8      | Reached skill level 5 in Fighting
  8135 | D:8      | Reached skill level 5 in Armour
  8140 | D:8      | Reached skill level 5 in Necromancy
  8188 | D:8      | Noticed a deep elf pyromancer
  8188 | D:8      | Noticed a gargoyle
  8190 | D:8      | Noticed a two-headed ogre
  8192 | D:8      | Noticed a manticore
  8275 | D:8      | Found a shimmering altar of Xom.
  8537 | D:8      | Found a snail-covered altar of Cheibriados.
  8834 | D:9      | Found a staircase to the Lair.
  8834 | D:9      | Noticed an elephant
  8864 | D:9      | Killed an elephant
  9055 | D:9      | Found a shadowy altar of Dithmenos.
  9280 | D:9      | Reached XP level 11. HP: 76/79 MP: 21/21
  9619 | D:10     | Entered Level 10 of the Dungeon
  9865 | D:10     | Noticed Maggie
  9883 | D:10     | Killed Maggie
 10199 | D:11     | Noticed a two-headed ogre
 10204 | D:11     | Killed a two-headed ogre
 10217 | D:11     | Noticed a white ugly thing
 10277 | D:11     | Noticed a lindwurm
 10277 | D:11     | Noticed a lindwurm
 10277 | D:11     | Noticed a lindwurm
 10277 | D:11     | Noticed a lindwurm
 10290 | D:11     | Killed a lindwurm
 10309 | D:11     | Killed a lindwurm
 10320 | D:11     | Killed a lindwurm
 10320 | D:11     | Reached *** piety under Kikubaaqudgha
 10320 | D:11     | Received a gift from Kikubaaqudgha
 10327 | D:11     | Learned a level 4 spell: Dispel Undead
 10333 | D:11     | Learned a level 5 spell: Borgnjor's Vile Clutch
 10354 | D:11     | Killed a lindwurm
 10355 | D:11     | Reached skill level 2 in Earth Magic
 10388 | D:11     | Noticed a manticore
 10404 | D:11     | Reached skill level 3 in Earth Magic
 10407 | D:11     | Reached skill level 4 in Earth Magic
 10414 | D:11     | Killed a manticore
 10415 | D:11     | Reached skill level 5 in Earth Magic
 10749 | D:11     | Noticed a boulder beetle
 10780 | D:11     | Reached XP level 12. HP: 81/89 MP: 20/22
 10963 | D:11     | Reached skill level 6 in Earth Magic
 11047 | D:11     | Reached skill level 7 in Earth Magic
 11087 | D:11     | Noticed a boulder beetle
 11128 | D:11     | Killed a boulder beetle
 11129 | D:11     | Reached skill level 8 in Earth Magic
 11293 | D:11     | Noticed a two-headed ogre
 11298 | D:11     | Killed a two-headed ogre
 11299 | D:11     | Reached skill level 9 in Earth Magic
 11400 | D:11     | Killed a boulder beetle
 11641 | D:8      | Killed a two-headed ogre
 11819 | D:12     | Gained mutation: Your spells are a little easier to cast,
                  | but a little less powerful. [potion of mutation]
 11819 | D:12     | Gained mutation: You sometimes lose the ability to read
                  | scrolls when taking damage. [potion of mutation]
 11820 | D:12     | Lost mutation: Your spells are a little easier to cast, but
                  | a little less powerful. [potion of mutation]
 11820 | D:12     | Lost mutation: You sometimes lose the ability to read
                  | scrolls when taking damage. [potion of mutation]
 11820 | D:12     | Gained mutation: Your mind is acute. (Int +2) [potion of
                  | mutation]
 11820 | D:12     | Gained mutation: You are partially covered in iridescent
                  | scales. (AC +2) [potion of mutation]
 11939 | D:12     | Reached **** piety under Kikubaaqudgha
 11994 | D:12     | Noticed a skeletal warrior
 11996 | D:12     | Noticed a skeletal warrior
 11998 | D:12     | Noticed a skeletal warrior
 12012 | D:12     | Killed a skeletal warrior
 12013 | D:12     | Killed a skeletal warrior
 12014 | D:12     | Reached skill level 5 in Dodging
 12023 | D:12     | Killed a skeletal warrior
 12024 | D:12     | Reached XP level 13. HP: 97/97 MP: 7/24
 12170 | D:12     | Reached skill level 10 in Earth Magic
 12334 | D:12     | Identified the +5 falchion of Delicate Action {venom, rN+
                  | Int+4 Dex+6}
 12338 | D:12     | Noticed Fannar
 12345 | D:12     | Killed Fannar
 12390 | D:12     | Learned a level 3 spell: Mephitic Cloud
 12438 | D:12     | Found a staircase to the Orcish Mines.
 12730 | Orc:1    | Entered Level 1 of the Orcish Mines
 12746 | Orc:1    | Reached skill level 1 in Poison Magic
 12775 | Orc:1    | Found a transporter.
 12858 | Orc:1    | Reached ***** piety under Kikubaaqudgha
 12871 | Orc:1    | Found a transporter.
 12909 | Orc:1    | Noticed CInkIbrahim's ghost (journeyman GrAK)
 13003 | Orc:1    | Reached skill level 1 in Air Magic
 13217 | Orc:1    | Found a one-way gate to the infinite horrors of the Abyss.
 13266 | Orc:2    | Entered Level 2 of the Orcish Mines
 13271 | Orc:2    | Reached skill level 10 in Necromancy
 13551 | Orc:2    | Found a staircase to the Elven Halls.
 13641 | Orc:1    | Found Alavvaum's Weapon Shoppe.
 13716 | Orc:1    | Noticed an ettin
 13731 | Orc:1    | Killed an ettin
 14191 | Orc:2    | Noticed an orc warlord
 14447 | Orc:1    | Reached XP level 14. HP: 44/106 MP: 3/26
 14517 | Orc:2    | Killed an orc warlord
 14518 | Orc:2    | Reached skill level 11 in Earth Magic
 14665 | Orc:2    | Reached ****** piety under Kikubaaqudgha
 14671 | Orc:1    | Received a gift from Kikubaaqudgha
 14683 | D:12     | Fell from the grace of Kikubaaqudgha
 14886 | D:3      | Became a worshipper of Gozag Ym Sagoz the Greedy
 15168 | Orc:2    | Found a runed translucent door.
 15252 | Orc:2    | Found Qoupis's Antique Armour Boutique.
 15253 | Orc:2    | Found Wunn's Antique Weapon Shop.
 15255 | Orc:2    | Found Taini's General Store.
 15255 | Orc:2    | Found Uphurum's Book Boutique.
 15271 | Orc:2    | Bought a scroll of immolation for 56 gold pieces
 15271 | Orc:2    | Bought a scroll of immolation for 56 gold pieces
 15707 | Lair:1   | Entered Level 1 of the Lair of Beasts
 15950 | Lair:1   | Reached skill level 5 in Poison Magic
 16341 | Lair:1   | Noticed Prince Ribbit
 16357 | Lair:1   | Killed Prince Ribbit
 17188 | Lair:2   | Found a staircase to the Swamp.
 18123 | Lair:3   | Reached skill level 10 in Armour
 18249 | Lair:3   | Noticed Gastronok
 18263 | Lair:3   | Killed Gastronok
 18353 | Lair:3   | Reached skill level 12 in Earth Magic
 18362 | Lair:3   | Reached skill level 10 in Fighting
 18367 | Lair:3   | Found a staircase to the Snake Pit.
 18947 | Lair:4   | Reached XP level 15. HP: 84/115 MP: 24/27
 18956 | Lair:4   | Reached skill level 5 in Air Magic
 19686 | Lair:5   | Identified the +9 glaive "Doskoic" {flame, rC+ Str+7}
 19722 | Lair:5   | You fall into a shaft and drop 1 floor!
 19722 | Lair:6   | Entered Level 6 of the Lair of Beasts
 19728 | Lair:6   | Reached skill level 13 in Earth Magic
 20025 | Lair:6   | Reached skill level 14 in Earth Magic
 20086 | Lair:6   | Was forgiven by Kikubaaqudgha
 20580 | Lair:6   | Reached skill level 15 in Earth Magic
 20833 | Lair:6   | Found a corrupted altar of Lugonu.
 20910 | Lair:6   | Reached XP level 16. HP: 122/122 MP: 24/28
 20918 | Lair:6   | Reached skill level 16 in Earth Magic
 21007 | Lair:6   | Noticed Snorg
 21015 | Lair:6   | Killed Snorg
 21293 | Lair:6   | Learned a level 6 spell: Iron Shot
 21564 | Lair:5   | Found the +7 lajatang of Order {silver, rMut}
 21886 | Lair:5   | Found a staircase to the Slime Pits.
 22597 | D:13     | Reached skill level 17 in Earth Magic
 22762 | D:13     | Found a gate to the Vaults.
 23213 | D:14     | Reached skill level 18 in Earth Magic
 23281 | D:14     | Found a broken altar of Ashenzari.
 23700 | D:14     | You fall into a shaft and drop 1 floor!
 23700 | D:15     | Entered Level 15 of the Dungeon
 23831 | D:14     | Reached skill level 19 in Earth Magic
 24117 | D:15     | Noticed Nessos
 24135 | D:15     | Killed Nessos
 24178 | D:15     | Identified Roxanne's Papyrus of Earth
 24178 | D:15     | Noticed Roxanne
 24438 | D:15     | Found a sparkling altar of Nemelex Xobeh.
 24528 | D:15     | Reached skill level 20 in Earth Magic
 24528 | D:15     | Reached XP level 17. HP: 128/128 MP: 26/29
 24651 | D:15     | Found a staircase to the Depths.
 24850 | D:15     | Killed Roxanne
 24868 | D:15     | Learned a level 6 spell: Statue Form
 25197 | Orc:1    | Reached skill level 1 in Transmutations
 25269 | Orc:1    | Killed CInkIbrahim's ghost
 25501 | Snake:1  | Entered Level 1 of the Snake Pit
 25719 | Snake:1  | Reached skill level 5 in Transmutations
 26150 | Snake:1  | Noticed Aizul
 26160 | Snake:1  | Killed Aizul
 26476 | Snake:2  | Noticed Mlioglotl
 26500 | Snake:2  | Killed Mlioglotl
 26623 | Snake:2  | Noticed Saint Roka
 26672 | Snake:2  | Killed Saint Roka
 26742 | Snake:2  | Identified the +4 leather armour of Otag {+Blink Regen+
                  | Int+6 Dex-4}
 27085 | Snake:3  | Reached skill level 10 in Shields
 27368 | Snake:3  | Reached XP level 18. HP: 116/134 MP: 27/31
 27633 | Snake:3  | Reached skill level 10 in Transmutations
 27676 | Snake:3  | Reached skill level 10 in Spellcasting
 27820 | Snake:3  | Found Umpeud's Distillery.
 27831 | Snake:3  | Found Udekic's General Store.
 27831 | Snake:3  | Found Rylurob's General Store.
 27873 | Snake:3  | Bought a potion of magic for 152 gold pieces
 27873 | Snake:3  | Bought a potion of curing for 57 gold pieces
 27873 | Snake:3  | Bought a potion of heal wounds for 95 gold pieces
 27873 | Snake:3  | Bought a potion of resistance for 190 gold pieces
 27873 | Snake:3  | Found Isopriad Gis's Jewellery Boutique.
 27880 | Snake:3  | Bought a scroll of identify for 26 gold pieces
 27884 | Snake:3  | Bought the ring of the Omega Point {rPois AC+4 Int+7} for
                  | 1114 gold pieces
 27916 | Snake:3  | Bought a potion of resistance for 170 gold pieces
 27916 | Snake:3  | Bought a scroll of acquirement for 884 gold pieces
 28459 | Orc:2    | Bought a manual of Armour for 1200 gold pieces
 28648 | D:6      | Bought a potion of ambrosia for 96 gold pieces
 28706 | D:6      | Bought a potion of resistance for 110 gold pieces
 28936 | Snake:4  | Entered Level 4 of the Snake Pit
 28969 | Snake:4  | Found Rucsy's Antique Weapon Shoppe.
 29200 | Snake:4  | Noticed Vashnia
 29363 | Snake:4  | Killed Vashnia
 29942 | Snake:4  | Reached skill level 15 in Armour
 30060 | Snake:4  | Reached XP level 19. HP: 140/140 MP: 31/33
 30266 | Snake:4  | Got a serpentine rune of Zot
 30532 | Swamp:1  | Entered Level 1 of the Swamp
 31162 | Swamp:2  | Identified the +1 ring mail of Valour {Will++}
 32240 | Swamp:4  | Entered Level 4 of the Swamp
 32240 | Swamp:4  | Noticed Mara
 32251 | Swamp:4  | Killed Mara
 32408 | Swamp:4  | Noticed Bai Suzhen
 32436 | Swamp:4  | Killed Bai Suzhen
 32692 | Swamp:4  | Reached skill level 15 in Shields
 32741 | Swamp:4  | Identified the +0 pair of gloves of Werago {rN+++ MP-9
                  | Dex+3 SInv}
 32741 | Swamp:4  | Noticed Nikola
 32754 | Swamp:4  | Killed Nikola
 32755 | Swamp:4  | Reached XP level 20. HP: 121/147 MP: 14/34
 32926 | Swamp:4  | Got a decaying rune of Zot
 33353 | Vaults:1 | Entered Level 1 of the Vaults
 33494 | Vaults:1 | Reached skill level 15 in Necromancy
 34260 | Vaults:1 | Identified the +6 triple crossbow "Acruifust" {venom,
                  | rCorr}
 34347 | Vaults:1 | Found a runed translucent door.
 34347 | Vaults:1 | Noticed NoAnimeNoLife's ghost (adept SpEn)
 34405 | Vaults:1 | Killed NoAnimeNoLife's ghost
 34418 | Vaults:1 | Lost mutation: Your mind is acute. (Int +2) [potion of
                  | mutation]
 34418 | Vaults:1 | Lost mutation: You are partially covered in iridescent
                  | scales. (AC +2) [potion of mutation]
 34418 | Vaults:1 | Gained mutation: You are weak. (Str -2) [potion of
                  | mutation]
 34418 | Vaults:1 | Gained mutation: Your flesh is cold resistant. (rC+)
                  | [potion of mutation]
 34418 | Vaults:1 | Gained mutation: You are somewhat resistant to further
                  | mutation. [potion of mutation]
 34733 | Vaults:1 | Reached XP level 21. HP: 111/153 MP: 21/35
 34887 | Vaults:1 | Found Ciepnan's General Store.
 34891 | Vaults:1 | Bought a scroll of enchant armour for 120 gold pieces
 35608 | Vaults:2 | Found a staircase to the Crypt.
 37384 | Vaults:3 | Found Keegah's Jewellery Emporium.
 37438 | Vaults:3 | Reached XP level 22. HP: 117/159 MP: 21/36
 38769 | Vaults:4 | Identified the +2 eveningstar "Jaclog" {flame, rElec Dex+3}
 38942 | Vaults:4 | Reached skill level 15 in Transmutations
 39119 | Vaults:4 | Found Qygiumoti's Weapon Boutique.
 39904 | Vaults:4 | Learned a level 8 spell: Necromutation
 40139 | D:9      | Lost mutation: Your flesh is cold resistant. (rC+) [potion
                  | of mutation]
 40139 | D:9      | Lost mutation: You are weak. (Str -2) [potion of mutation]
 40139 | D:9      | Lost mutation: You are somewhat resistant to further
                  | mutation. [potion of mutation]
 40139 | D:9      | Gained mutation: Armour fits poorly on your strangely
                  | shaped body. [potion of mutation]
 40139 | D:9      | Gained mutation: A frigid envelope surrounds you and
                  | freezes all who hurt you. [potion of mutation]
 40139 | D:9      | Gained mutation: You are robust. (+10% HP) [potion of
                  | mutation]
 40159 | D:9      | Reached XP level 23. HP: 181/181 MP: 37/37
 40271 | Elf:1    | Entered Level 1 of the Elven Halls
 40475 | Elf:1    | Got Kuiruus's Disquisition on Conjuration
 40567 | Elf:1    | Found Taesezucs's Armour Emporium.
 40903 | Elf:1    | Found Ynafiq's Jewellery Emporium.
 40932 | Elf:1    | Found Cetemaeng's Book Boutique.
 40933 | Elf:1    | Found Tulaofu's Jewellery Emporium.
 40943 | Elf:1    | Bought the amulet of Jealousy {RegenMP rElec Stlth+} for
                  | 702 gold pieces
 41292 | Elf:1    | Identified the +8 short sword "Qomuw" {vamp, rPois Str-5
                  | Int+3 Stlth+}
 41410 | Elf:2    | Found Nagem's Distillery.
 41413 | Elf:2    | Bought a potion of invisibility for 120 gold pieces
 41413 | Elf:2    | Bought a potion of heal wounds for 75 gold pieces
 41413 | Elf:2    | Bought a potion of magic for 120 gold pieces
 41426 | Elf:2    | Found a gateway to a bazaar.
 41480 | Elf:2    | Found Icoj's Weapon Boutique.
 41533 | Elf:2    | Found Gored's General Store.
 41554 | Elf:2    | Noticed Agnes
 41565 | Elf:2    | Killed Agnes
 41573 | Elf:2    | Bought a potion of heal wounds for 80 gold pieces
 41573 | Elf:2    | Bought a scroll of identify for 32 gold pieces
 41660 | Elf:2    | Found Tunec's Assorted Antiques.
 41713 | Elf:2    | Reached XP level 24. HP: 189/189 MP: 34/37
 41722 | Elf:2    | Found a runed translucent gate.
 41722 | Elf:2    | Found a runed translucent gate.
 41762 | Elf:2    | Found a runed translucent gate.
 42565 | Elf:3    | Entered Level 3 of the Elven Halls
 43059 | Elf:3    | Found Sigh's Book Shoppe.
 43651 | Elf:3    | Identified the +8 falchion "Worm" {holy, Str+7}
 43651 | Elf:3    | Identified the ring of Aturad {rElec EV+4 Str+8 Int-2
                  | Dex+3}
 43766 | Elf:3    | Identified the +2 quarterstaff "Qaorr" {speed, *Rage rPois
                  | rF- Str+7}
 43776 | Elf:3    | Got Ogevur's Disquisition on Creative Unholy Arts
 43789 | Elf:3    | Identified the ring of Mulaitt {Drain rC+ rCorr SInv}
 43797 | Elf:3    | Identified the +5 triple sword of Equivalence {freeze, Fly
                  | Int-2 Dex+9}
 43805 | Elf:3    | Identified the +1 leather armour of Hairiness {Dex+2}
 44218 | Crypt:1  | Entered Level 1 of the Crypt
 44887 | Bazaar   | Entered a bazaar
 44887 | Bazaar   | Found Azedutwa's Assorted Antiques.
 44887 | Bazaar   | Found Fararao's General Store.
 44893 | Bazaar   | Bought a potion of curing for 42 gold pieces
 44893 | Bazaar   | Bought a potion of heal wounds for 70 gold pieces
 44893 | Bazaar   | Bought a potion of resistance for 140 gold pieces
 44900 | Bazaar   | Bought a scroll of identify for 60 gold pieces
 44900 | Bazaar   | Bought a scroll of enchant armour for 225 gold pieces
 44900 | Bazaar   | Bought a scroll of holy word for 225 gold pieces
 44910 | Bazaar   | Found Agexileixe's Book Boutique.
 44925 | Bazaar   | Found Jearenue's Book Emporium.
 44934 | Bazaar   | Found Atzeyhy's Distillery.
 44941 | Bazaar   | Bought a potion of magic for 144 gold pieces
 44941 | Bazaar   | Bought a potion of curing for 54 gold pieces
 44947 | Bazaar   | Bought a book of Annihilations for 900 gold pieces
 45538 | Crypt:1  | Found an ancient bone altar of Kikubaaqudgha.
 45617 | Crypt:1  | Reached XP level 25. HP: 194/194 MP: 35/38
 46965 | Crypt:2  | Noticed Donald
 46972 | Crypt:2  | Killed Donald
 47230 | Crypt:3  | Entered Level 3 of the Crypt
 48031 | Crypt:3  | Found a staircase to the Tomb.
 48536 | Crypt:3  | Found an ancient bone altar of Kikubaaqudgha.
 48580 | Crypt:3  | Noticed an ancient lich
 48586 | Crypt:3  | Killed an ancient lich
 48606 | Crypt:3  | Got Sif Muna's Guide on the Voyage and the Arsonist
 48836 | Crypt:3  | Identified the amulet "Ideq" {rF- Regen+ rCorr Str+8 Dex-3}
 48836 | Crypt:3  | Identified the ring "Ronu" {Contam rN+ Will+++ Str-3 Int+4}
 48836 | Crypt:3  | Identified the ring of the Archfiend {rPois rN+ Str+7 Int+2
                  | Dex-4}
 48868 | Crypt:3  | Lost mutation: You are robust. (+10% HP) [potion of
                  | mutation]
 48868 | Crypt:3  | Lost mutation: Armour fits poorly on your strangely shaped
                  | body. [potion of mutation]
 48868 | Crypt:3  | Lost mutation: A frigid envelope surrounds you and freezes
                  | all who hurt you. [potion of mutation]
 48868 | Crypt:3  | Gained mutation: You are covered in fur. (AC +1) [potion of
                  | mutation]
 48880 | Crypt:3  | Learned a level 9 spell: Shatter
 48885 | Crypt:3  | Learned a level 4 spell: Leda's Liquefaction
 48891 | Crypt:3  | Learned a level 5 spell: Lee's Rapid Deconstruction
 49009 | Tomb:1   | Entered Level 1 of the Tomb of the Ancients
 49155 | Tomb:1   | Noticed Khufu
 49275 | Tomb:1   | Killed Khufu
 49593 | Tomb:1   | Noticed a royal mummy
 49618 | Tomb:1   | Reached skill level 21 in Earth Magic
 49655 | Tomb:1   | Killed a royal mummy
 49731 | Tomb:1   | Reached XP level 26. HP: 158/184 MP: 37/40
 50482 | Tomb:1   | Noticed a royal mummy
 50488 | Tomb:1   | Killed a royal mummy
 50491 | Tomb:1   | Noticed a royal mummy
 50498 | Tomb:1   | Killed a royal mummy
 50498 | Tomb:1   | Noticed a royal mummy
 50502 | Tomb:1   | Killed a royal mummy
 50502 | Tomb:1   | Noticed a royal mummy
 50503 | Tomb:1   | Reached skill level 22 in Earth Magic
 50505 | Tomb:1   | Noticed a royal mummy
 50568 | Crypt:3  | Killed a royal mummy
 50642 | Tomb:1   | Killed a royal mummy
 50658 | Tomb:1   | Noticed a royal mummy
 50661 | Tomb:1   | Noticed a royal mummy
 50684 | Tomb:1   | Killed a royal mummy
 50689 | Tomb:1   | Killed a royal mummy
 50768 | Tomb:1   | Noticed a royal mummy
 50812 | Tomb:1   | Killed a royal mummy
 50856 | Tomb:1   | Noticed a royal mummy
 50863 | Tomb:1   | Noticed a royal mummy
 50864 | Tomb:1   | Killed a royal mummy
 50869 | Tomb:1   | Killed a royal mummy
 50897 | Tomb:1   | Noticed a royal mummy
 50933 | Tomb:1   | Killed a royal mummy
 50939 | Tomb:1   | Noticed a royal mummy
 50947 | Tomb:1   | Killed a royal mummy
 50948 | Tomb:1   | Reached skill level 23 in Earth Magic
 51097 | Tomb:1   | Noticed a royal mummy
 51159 | Tomb:1   | Killed a royal mummy
 51180 | Tomb:1   | Noticed a royal mummy
 51185 | Tomb:1   | Noticed a royal mummy
 51186 | Tomb:1   | Killed a royal mummy
 51191 | Tomb:1   | Killed a royal mummy
 51212 | Tomb:1   | Noticed a royal mummy
 51221 | Tomb:1   | Killed a royal mummy
 52152 | Vaults:5 | Entered Level 5 of the Vaults
 52155 | Vaults:5 | Reached skill level 24 in Earth Magic
 52216 | Vaults:5 | Noticed Mennas
 52236 | Vaults:4 | Reached skill level 25 in Earth Magic
 52517 | Vaults:4 | Reached XP level 27. HP: 22/190 MP: 36/40
 52704 | Vaults:4 | Killed Mennas
 52931 | Vaults:5 | Identified the +2 leather armour of the Game of Kings
                  | {Str+3}
 53000 | Vaults:5 | Reached skill level 26 in Earth Magic
 53522 | Vaults:5 | Reached skill level 27 in Earth Magic
 53578 | Vaults:5 | Noticed a dread lich
 53578 | Vaults:5 | Identified the ring "Earthly Heaven" {+Blink rPois rN+
                  | Str+2 Slay-4}
 53623 | Vaults:4 | Killed a dread lich
 53662 | Vaults:5 | Noticed a dread lich
 53664 | Vaults:5 | Killed a dread lich
 53865 | Vaults:5 | Got a silver rune of Zot
 54481 | Vaults:5 | Got Sif Muna's Disquisition on Enchantment and the Blaze
 54648 | Vaults:5 | Identified the +1 pair of boots of Fedhas's Hope {Will-
                  | MP+9 Int+3 Stlth+}
 55309 | Tomb:2   | Noticed a royal mummy
 55309 | Tomb:2   | Noticed a royal mummy
 55317 | Tomb:2   | Noticed a royal mummy
 55325 | Tomb:2   | Noticed a royal mummy
 55327 | Tomb:2   | Killed a royal mummy
 55384 | Tomb:2   | Killed a royal mummy
 55392 | Tomb:2   | Killed a royal mummy
 55393 | Tomb:2   | Killed a royal mummy
 55634 | Tomb:2   | Learned a level 3 spell: Ozocubu's Armour
 55846 | Tomb:2   | Reached skill level 15 in Spellcasting
 56257 | Tomb:3   | Entered Level 3 of the Tomb of the Ancients
 56327 | Tomb:3   | Reached skill level 1 in Evocations
 56433 | Tomb:3   | Reached skill level 1 in Throwing
 56571 | Tomb:3   | Noticed a royal mummy
 56643 | Tomb:3   | Noticed a royal mummy
 56654 | Tomb:3   | Noticed a royal mummy
 56656 | Tomb:3   | Noticed a royal mummy
 56657 | Tomb:3   | Killed a royal mummy
 56666 | Tomb:3   | Killed a royal mummy
 56669 | Tomb:3   | Killed a royal mummy
 56679 | Tomb:3   | Reached skill level 5 in Stealth
 56681 | Tomb:3   | Noticed a royal mummy
 56685 | Tomb:3   | Noticed a royal mummy
 56695 | Tomb:3   | Noticed a royal mummy
 56700 | Tomb:3   | Killed a royal mummy
 56708 | Tomb:3   | Killed a royal mummy
 56711 | Tomb:3   | Noticed a royal mummy
 56714 | Tomb:3   | Reached skill level 1 in Ice Magic
 56716 | Tomb:3   | Killed a royal mummy
 56721 | Tomb:3   | Killed a royal mummy
 56724 | Tomb:3   | Killed a royal mummy
 56784 | Tomb:3   | Found the +5 sword of Power {vorpal}
 56821 | Tomb:3   | Noticed a royal mummy
 56829 | Tomb:3   | Killed a royal mummy
 56902 | Tomb:3   | Got a golden rune of Zot
 57018 | Tomb:3   | Identified the +1 halberd of Winter {vorpal, +Blink rF+}
 57019 | Tomb:3   | Identified the ring "Niovaozuu" {rPois rC+ Dex+5}
 57023 | Tomb:3   | Identified the +6 falchion of Twilight {vorpal, rN+ Str-4
                  | Int+3}
 57028 | Tomb:3   | Identified the ring "Gietuod" {rPois rC+ Dex+2}
 57040 | Tomb:3   | Got the Handbook of the Oath and Unholy Secrets
 57163 | Tomb:3   | Identified the amulet "Mawu" {Acrobat Slay+2}
 57436 | Tomb:3   | Identified the +4 rapier of Malaise {elec, rN+ Int-4
                  | Stlth+}
 57444 | Tomb:3   | Identified the +5 shortbow "Loshrump" {freeze, Fly rN+
                  | Will+ Int+3}
 57472 | Tomb:3   | Identified the +1 leather armour of Qazlal's Inspiration
                  | {Str+6}
 57480 | Tomb:3   | Got Sif Muna's Disquisition on Icy Unholy Rites
 57561 | Tomb:3   | Acquired 792 gold pieces
 57563 | Tomb:3   | Acquired 374 gold pieces
 58844 | Elf:3    | Bought a book of Ice for 690 gold pieces
 59171 | Zig:1    | Entered Level 1 of a ziggurat
 59209 | Zig:2    | Entered Level 2 of a ziggurat
 59268 | Zig:3    | Entered Level 3 of a ziggurat
 59301 | Zig:4    | Entered Level 4 of a ziggurat
 59339 | Zig:4    | Identified the +4 ring mail "Oschias" {+Blink rPois rN+
                  | Slay-6}
 59343 | Zig:5    | Entered Level 5 of a ziggurat
 59534 | Zig:6    | Entered Level 6 of a ziggurat
 59539 | Zig:6    | Found the +7 Kryia's mail coat {PotionHeal*2 rC+}
 59542 | Zig:6    | Reached skill level 5 in Evocations
 59584 | Zig:7    | Entered Level 7 of a ziggurat
 59592 | Zig:7    | Noticed Jengoxif the pandemonium lord
 59602 | Zig:7    | Killed Jengoxif the pandemonium lord
 59643 | Zig:7    | Identified the +4 long sword of Ygeho {vorpal, +Blink Str+2
                  | Dex+3}
 59649 | Zig:8    | Entered Level 8 of a ziggurat
 59671 | Zig:8    | Identified the ring "Fihasem" {rPois rF++ rC+ Slay+3 SInv}
 59721 | Zig:9    | Entered Level 9 of a ziggurat
 59734 | Zig:9    | Reached skill level 5 in Ice Magic
 59772 | Zig:9    | Identified the ring "Sargh" {rF+ Int+6 Dex+2}
 59810 | Zig:9    | Identified the +7 chain mail "Coar" {Dex+6}
 59847 | Zig:10   | Entered Level 10 of a ziggurat
 59900 | Zig:10   | Identified the ring "Onaefreff" {rElec AC+4 Str+4 Int+4}
 59919 | Zig:10   | Identified the +4 broad axe of Exchange {speed, Will+}
 59948 | Zig:10   | Lost mutation: You are covered in fur. (AC +1) [potion of
                  | mutation]
 59948 | Zig:10   | Gained mutation: You are frail. (-10% HP) [potion of
                  | mutation]
 59948 | Zig:10   | Gained mutation: You are partially covered in iridescent
                  | scales. (AC +2) [potion of mutation]
 59949 | Zig:10   | Lost mutation: You are partially covered in iridescent
                  | scales. (AC +2) [potion of mutation]
 59949 | Zig:10   | Lost mutation: You are frail. (-10% HP) [potion of
                  | mutation]
 59949 | Zig:10   | Gained mutation: Your magical capacity is low. (-10% MP)
                  | [potion of mutation]
 59949 | Zig:10   | Gained mutation: You are partially covered in large bone
                  | plates. (SH +4) [potion of mutation]
 59949 | Zig:10   | Gained mutation: You are agile. (Dex +2) [potion of
                  | mutation]
 59949 | Zig:10   | Gained mutation: You expend magic power (3 MP) to
                  | strengthen your wands. [potion of mutation]
 59950 | Zig:10   | Lost mutation: You are agile. (Dex +2) [potion of mutation]
 59950 | Zig:10   | Lost mutation: Your magical capacity is low. (-10% MP)
                  | [potion of mutation]
 59950 | Zig:10   | Gained mutation: You are frail. (-10% HP) [potion of
                  | mutation]
 59950 | Zig:10   | Gained mutation: You are partially covered in iridescent
                  | scales. (AC +2) [potion of mutation]
 59950 | Zig:10   | Gained mutation: Your mind is acute. (Int +2) [potion of
                  | mutation]
 59950 | Zig:10   | Gained mutation: Your mind is very acute. (Int +4) [potion
                  | of mutation]
 59970 | Zig:11   | Entered Level 11 of a ziggurat
 59983 | Zig:11   | Reached skill level 10 in Ice Magic
 60008 | Zig:11   | Identified the ring "Dighoon Garo" {rPois Will+ Slay+4
                  | Stlth+}
 60072 | Zig:12   | Entered Level 12 of a ziggurat
 60128 | Zig:12   | Identified the ring of Gemuucwufyf {rF+ rN+ Will++ rCorr
                  | Dex+3}
 60144 | Zig:12   | Identified the +3 plate armour of Entitlement {rN+ MP-9
                  | Int+5 SInv}
 60174 | Zig:12   | Identified the ring "Ziexofo" {rElec SInv}
 60210 | Zig:12   | Identified the +0 dagger of Pivunl Mehu {vorpal, rElec rC+}
 60212 | Zig:12   | Identified the +9 spear of Revolt {pain, Dex+3}
 60238 | Zig:13   | Entered Level 13 of a ziggurat
 60253 | Zig:13   | Noticed a juggernaut
 60256 | Zig:13   | Noticed a juggernaut
 60256 | Zig:13   | Noticed a juggernaut
 60256 | Zig:13   | Noticed a juggernaut
 60256 | Zig:13   | Noticed a juggernaut
 60260 | Zig:13   | Killed a juggernaut
 60264 | Zig:13   | Killed a juggernaut
 60266 | Zig:13   | Killed a juggernaut
 60266 | Zig:13   | Killed a juggernaut
 60266 | Zig:13   | Killed a juggernaut
 60329 | Zig:13   | Found the +6 Majin-Bo {vamp, MP+6 Int+6}
 60382 | Zig:13   | Identified the +3 rapier of Honesty {flame, Str+3 Dex-3
                  | Stlth+}
 60411 | Zig:14   | Entered Level 14 of a ziggurat
 60440 | Zig:14   | Reached skill level 15 in Ice Magic
 60504 | Zig:14   | Got Sif Muna's Incunabulum of the Supportive Compass
 60510 | Zig:14   | Identified the +9 quarterstaff of Wealth {venom, Dex+4}
 60576 | Zig:15   | Entered Level 15 of a ziggurat
 60736 | Zig:15   | Identified the +6 rapier "Toih" {vorpal, Will+}
 60741 | Zig:16   | Entered Level 16 of a ziggurat
 60899 | Zig:17   | Entered Level 17 of a ziggurat
 61132 | Zig:17   | Learned a level 9 spell: Polar Vortex
 61156 | Zig:18   | Entered Level 18 of a ziggurat
 61172 | Zig:18   | Noticed an orb of fire
 61175 | Zig:18   | Noticed an orb of fire
 61203 | Zig:18   | Killed from afar by an orb of fire

Illustrated notes

Levels and vault maps discovered:
D:1:      wander_arrival_peaceful_grave, layout_loops_ring,
          chequers_decorated_corner, lemuel_flame_loot_1
D:2:      layout_rooms, hellmonk_ecumenical_altar_crossroads, serial_shops,
          nicolae_diamond_shop, minmay_snake_closets
D:3:      layout_basic, grunt_temple_overflow_gold_and_silver,
          tgw_kikubaaqudgha, overflow_temple_1_default, old_standard_altar,
          uniq_terence, uniq_jessica
D:4:      layout_rooms, mainiacjoe_overflow_alcove_4, minmay_temple_entry_grid,
          serial_curves, eino_curves_01, eino_curves_01, eino_curves_03
D:5:      layout_gridville, grunt_qazlal_clouds
D:6:      layout_basic, serial_shops, nicolae_lakefront_shop,
          kennysheep_another_room, nicolae_take_the_stairs
D:7:      layout_gridville
D:8:      layout_basic, mainiacjoe_overflow_tiny_flanked,
          mainiacjoe_overflow_24_doors, onia_ninara_dug_in_and_dangerous
D:9:      layout_irregular_city, lemuel_crystal_altar, david_lair_generic,
          blue_anna_alchemist
D:10:     layout_loops_ring, uniq_maggie
D:11:     layout_basic, minmay_lindwurm_lava
D:12:     layout_loops_ring, erik_orc_2, minivault_20, st_stairs_9, uniq_fannar
D:13:     layout_irregular_city, lightli_vaults_fourway_checkpoint
D:14:     layout_loops_cross, serial_undead, serial_undead_a, serial_undead_f,
          serial_undead_f, serial_undead_f, ashenzari_conservatory_becter
D:15:     hangedman_depths_entry_try_elsewhere_first, layout_loops_ring,
          nemelex_lonely_heart_becter, uniq_nessos, uniq_roxanne
Temple:   hc_temple_tempest_star
Lair:1:   lemuel_slime, layout_cave_pods, grunt_megastairs_3, lemuel_fruit_tree,
          uniq_prince_ribbit2
Lair:2:   layout_chaotic_city, swamp_mist_pool, minivault_26, evilmike_ambush
          [evilmike_ambush_outer_basic, evilmike_ambush_inner_basic]
Lair:3:   layout_regular_city, minmay_snake_entry_guardpost_medium,
          lemuel_fruit_fields, uniq_gastronok
Lair:4:   layout_gridlike, serial_bayou_shore_a, grunt_megastairs_2
Lair:5:   layout_layer_cave, minmay_slime_entry_pillars, serial_rivers,
          chequers_serial_rivers_micro_e, chequers_serial_rivers_room_a,
          chequers_serial_rivers_micro_c, chequers_serial_rivers_micro_d,
          chequers_serial_rivers_micro_c, grunt_megastairs_4
Lair:6:   hellmonk_lair_end_abyssal_woods, layout_gridlike,
          chequers_serial_rivers_micro_d, kennysheep_basilisk_garden, uniq_snorg
Swamp:1:  layout_basic_swamp, evilmike_swamp_ruin_house_5
Swamp:2:  layout_basic_swamp, evilmike_swamp_ruin_house_3, swamp_pool5
Swamp:3:  layout_basic_swamp, evilmike_swamp_ruin_house_2,
          infiniplex_staircase_pool
Swamp:4:  swamp_fiery, layout_basic_swamp, uniq_mara, uniq_nikola,
          uniq_bai_suzhen
Snake:1:  kennysheep_six_static_rooms, layout_rooms, uniq_aizul
Snake:2:  layout_onion, uniq_mlioglotl, uniq_saint_roka
Snake:3:  cheibrodos_snake_ritualist_ritual, layout_basic,
          guppyfry_library_mini, minmay_shoptagon
Snake:4:  grunt_snake_rune_pools, layout_cave_town, serial_shops,
          nicolae_shop_statue_plus, drop_trap, grunt_ministairs_9, uniq_vashnia
Orc:1:    layout_caves, serial_shops, nicolae_shop_trees,
          gammafunk_ghost_abyssal_escape
Orc:2:    st_orc_congregation, layout_caves, lightli_church_of_beogh
Elf:1:    eino_elf_arrival_the_gate, layout_loops_corners, serial_shops,
          nicolae_shop_hallway_plus, minmay_elf_annihilation,
          amcnicky_mini_pool_small, minmay_shop_grove
Elf:2:    nicolae_elf_blades_splatter_lattice
          [nicolae_blade_entry_floor_patterns], layout_onion_city, serial_glass,
          glass_columns_c, glass_columns_b, glass_columns_b, glass_columns_c,
          glass_columns_a, glass_columns_a, glass_columns_a, glass_columns_c,
          serial_shops, statue_bzr, nicolae_shop_stone, shop, shop, shop,
          feat_on_display, uniq_agnes
Elf:3:    minmay_elf_hall_circle, layout_onion_city, serial_shops,
          nicolae_shop_behind_doors
Vaults:1: hellmonk_ghost_happy_afterlife, v_rooms_6,
          nicolae_vaults_windows_and_doors_thing, nicolae_vaults_circle_grid_a,
          grunt_vaults_funnel, v_alt_pattern_3, ontoclasm_vaults_pinch,
          hangedman_vaults_variations, ontoclasm_vaults_gateway,
          vaults_standard_mumra_x, nicolae_vaults_yaktaur_gun_rack,
          nicolae_vaults_inception_statues, ontoclasm_vaults_misaligned,
          layout_vaults_maze, serial_shops, nicolae_shop_trees
Vaults:2: v_misc_30, minmay_crypt_entry_simple_sparse, st_quartered_hall,
          v_pattern_2, serial_ice_g, nicolae_vaults_network_square,
          ontoclasm_vaults_fault, hangedman_vaults_stagger,
          hangedman_vaults_capsules, nicolae_vaults_specimen_jars,
          vaults_standard_mumra_enter_the_diamond, v_misc_8,
          nicolae_vaults_diagonal_hallway_6, layout_vaults_omnicross
Vaults:3: nicolae_vaults_shelves_hall, ontoclasm_vaults_ring_square,
          nicolae_vaults_network_barrier, grunt_vaults_swirl, v_pattern_1,
          ontoclasm_vaults_claustrophobia, nicolae_vaults_network_s,
          grunt_vaults_bifocal, nicolae_vaults_network_periphery,
          hangedman_vaults_slice, nicolae_vaults_statue_guard, vaults_dpeg_ring,
          layout_vaults_omnigrid, serial_shops, shop_statue, uniq_margery
Vaults:4: v_misc_23, v_rooms_4, nicolae_vaults_asterisk,
          hangedman_vaults_cutoff, nicolae_vaults_little_squares_3,
          hangedman_vaults_nails, vaults_mumra_hex, ontoclasm_vaults_eye,
          vaults_room_hallway, vaults_room_fours, layout_vaults_big_room,
          serial_shops, shop
Vaults:5: serial_shops, uniq_mennas
Crypt:1:  layout_gridlike, grunt_ministairs_2,
          lemuel_mausoleum_altar_kikubaaqudgha, grunt_megastairs_5
Crypt:2:  layout_catacombs, uniq_donald
Crypt:3:  quadcrypt_mu
Tomb:1:   uniq_khufu
Tomb:2
Tomb:3
Zig:18

Skill      XL: |  1  2  3  4  5  6  7  8  9 10 11 12 13 14 15 16 17 18 19 20 21 22 23 24 25 26 27 |
---------------+----------------------------------------------------------------------------------+-----
Conjurations   | 4 5 6 |  6.0
Fighting       | 1 2 3 5 6 7 8 10 12 | 12.0
Armour         | 1 2 3 5 6 7 9 10 16 17 18 | 18.0
Spellcasting   | 3 5 7 8 9 10 11 13 15 | 15.0
Slings         | 2 |  2.0
Shields        | 1 5 9 10 12 15 16 | 16.0
Necromancy     | 2 8 9 10 11 12 14 18 20 21 22 | 22.0
Dodging        | 4 5 6 7 8 |  8.4
Earth Magic    | 5 9 10 12 15 20 21 25 27 | 27.0
Poison Magic   | 4 6 |  6.0
Air Magic      | 2 4 6 |  6.0
Transmutations | 9 10 12 17 18 20 21 22 | 22.0
Evocations     | 5 |  5.0
Stealth        | 7 |  7.0
Throwing       | 4 |  4.0
Ice Magic      | 20 | 20.0

Action                   |  1- 3 |  4- 6 |  7- 9 | 10-12 | 13-15 | 16-18 | 19-21 | 22-24 | 25-27 || total
-------------------------+-------+-------+-------+-------+-------+-------+-------+-------+-------++-------
Melee: Whip              |     8 |       |       |       |       |       |       |       |       ||     8
       Quarterstaff      |     7 |    26 |       |       |       |       |       |       |    24 ||    57
       Punch             |       |     2 |       |       |       |       |       |       |       ||     2
       Dagger            |       |       |     3 |       |       |       |       |       |       ||     3
       Falchion          |       |       |       |       |   514 |   462 |   136 |    81 |   258 ||  1451
       Glaive            |       |       |       |       |       |     3 |     6 |       |       ||     9
 Fire: Shortbow          |       |    11 |     9 |       |       |       |       |       |       ||    20
       Hunting sling     |       |       |   175 |   386 |   237 |    80 |   667 |   602 |   433 ||  2580
 Cast: Magic Dart        |    25 |    31 |     2 |     2 |       |       |       |       |       ||    60
       Searing Ray       |     5 |    21 |    32 |    17 |     7 |       |       |       |       ||    82
       Vampiric Draining |       |       |     2 |     6 |    12 |     9 |     4 |       |       ||    33
       Dispel Undead     |       |       |       |     6 |     2 |    10 |    10 |    11 |   190 ||   229
       Borgnjor's Vile C |       |       |       |    25 |   291 |   289 |   384 |   309 |   355 ||  1653
       Sublimation of Bl |       |       |       |     1 |     2 |     4 |    23 |    20 |    88 ||   138
       Mephitic Cloud    |       |       |       |       |     4 |     1 |     6 |    19 |       ||    30
       Iron Shot         |       |       |       |       |       |     1 |    22 |     5 |    10 ||    38
       Statue Form       |       |       |       |       |       |     4 |     2 |     2 |       ||     8
       Necromutation     |       |       |       |       |       |       |       |       |    99 ||    99
       Shatter           |       |       |       |       |       |       |       |       |   154 ||   154
       Ozocubu's Armour  |       |       |       |       |       |       |       |       |     7 ||     7
Invok: Receive Forbidden |       |       |       |       |     1 |       |       |       |       ||     1
       Renounce Religion |       |       |       |       |     1 |       |       |       |       ||     1
       Potion Petition   |       |       |       |       |       |       |       |       |     3 ||     3
 Abil: Shaft Self        |       |     1 |     2 |       |       |       |       |       |       ||     3
       Dig               |       |       |     6 |     5 |     4 |     9 |       |     3 |       ||    27
       End Transformatio |       |       |       |       |       |     3 |     2 |     1 |    37 ||    43
Evoke: Wand              |       |       |       |       |       |     1 |       |       |     1 ||     2
       Box of beasts     |       |       |       |       |       |       |       |       |     2 ||     2
       Condenser vane    |       |       |       |       |       |       |       |       |     2 ||     2
       Figurine of a zig |       |       |       |       |       |       |       |       |     1 ||     1
  Use: Scroll            |       |       |       |     5 |     6 |    14 |     2 |     8 |     5 ||    40
       Potion            |       |       |       |     4 |       |       |     1 |     2 |    11 ||    18
 Stab: Sleeping          |     1 |     1 |       |       |     2 |       |       |       |       ||     4
       Confused          |       |       |       |       |     3 |       |       |       |       ||     3
       Distracted        |       |       |       |       |     6 |     9 |     1 |       |     3 ||    19
       Invisible         |       |       |       |       |       |       |       |       |     2 ||     2
Armor: Robe              |     2 |     8 |    10 |     2 |       |       |       |       |       ||    22
       Steam dragon scal |       |       |       |    41 |    10 |       |       |       |       ||    51
       Troll leather arm |       |       |       |       |   333 |   224 |   244 |   142 |   584 ||  1527
       Leather armour    |       |       |       |       |       |    47 |       |       |       ||    47
       Skin              |       |       |       |       |       |    53 |     2 |     9 |       ||    64
Dodge: Dodged            |    16 |    44 |    71 |    65 |   421 |   396 |   239 |   165 |   499 ||  1916
Block: Buckler           |       |       |     2 |       |       |       |       |       |       ||     2
       Kite shield       |       |       |    32 |    92 |   525 |   555 |   355 |       |       ||  1559
       Reflection        |       |       |       |       |       |    25 |    24 |       |       ||    49
       Tower shield      |       |       |       |       |       |       |    98 |   397 |  1133 ||  1628
